AoeStats
← kkkg

Arena

508637680Analyzed
2v2 RM · 9d ago on Sep 23, 2026· 72m 24s· 4 players
Game mode
Random Map
Map size
Medium (4 player)
Population
200
Speed
Normal
Resources
Standard
Victory
Conquest
Starting age
Dark Age
Ending age
Imperial Age
RankedLock teamsTeams togetherTeam positionsShared explorationLock speedFull tech treeHidden civsTurbo modeCheats
Victory
Defeat
🇯🇵 Spanish · Japan
1055
+15
🇹🇼 Bohemians · Taiwan
1039
+15
1068
-17
🇨🇳 Huns · China
976
-13
LoveCreamPie
8:59 Loom
11:52 Feudal Age
15:54 Castle Age
13:55 Double-Bit Axe
13:51 Horse Collar
17:15 Bow Saw
17:44 Fervor
21:32 Heavy Plow
24:41 Wheelbarrow
31:10 Imperial Age
30:13 Chemistry
29:17 Scale Mail Armor
29:28 Forging
29:08 Fletching
29:19 Padded Archer Armor
28:40 Pikeman
29:33 Town Watch
29:09 Crossbowman
30:12 Ballistics
29:44 Arson
30:00 Squires
31:28 Bodkin Arrow
32:47 Conscription
32:33 Hussite Reforms
33:27 Iron Casting
33:08 Chain Mail Armor
32:27 Arbalester
35:45 Blast Furnace
34:51 Scale Barding Armor
36:11 Two-Man Saw
35:04 Light Cavalry
35:44 Husbandry
35:22 Halberdier
36:10 Town Patrol
37:18 Plate Mail Armor
36:49 Bracer
37:05 Leather Archer Armor
40:03 Chain Barding Armor
42:04 Fortified Wall
42:00 Siege Engineers
43:34 Ring Archer Armor
43:13 Wagenburg Tactics
43:22 Houfnice
56:51 Wagenburg Tactics
58:16 Hand Cart
58:15 Masonry
58:26 Bombard Tower
60:51 Capped Ram
65:46 Elite Hussite Wagon
67:35 Architecture
altanbileg
0:27 Loom
10:36 Feudal Age
15:15 Castle Age
14:05 Horse Collar
30:28 Imperial Age
27:56 Town Watch
28:56 Wheelbarrow
28:52 Double-Bit Axe
29:10 Heavy Plow
29:16 Gold Mining
29:43 Bow Saw
30:34 Hand Cart
30:13 Stone Mining
30:21 Fletching
32:19 Chemistry
31:25 Bodkin Arrow
32:27 Thumb Ring
32:27 Bracer
33:32 Padded Archer Armor
34:19 Conscription
34:40 Masonry
35:33 Two-Man Saw
35:20 Leather Archer Armor
36:12 Stone Shaft Mining
35:59 Forging
35:50 Scale Mail Armor
36:43 Ballistics
36:54 Architecture
36:54 Onager
40:09 Ring Archer Armor
40:14 Iron Casting
39:55 Chain Mail Armor
43:09 Blast Furnace
43:33 Plate Mail Armor
47:53 Hoardings
53:40 Murder Holes
kkkg
10:55 Feudal Age
14:54 Castle Age
13:56 Horse Collar
24:05 Double-Bit Axe
24:53 Gold Mining
25:18 Stone Mining
26:38 Bow Saw
28:36 Gold Shaft Mining
28:24 Fletching
28:36 Padded Archer Armor
28:47 Forging
28:43 Scale Barding Armor
30:12 Wheelbarrow
32:59 Imperial Age
31:22 Ballistics
32:31 Bodkin Arrow
32:51 Leather Archer Armor
33:12 Iron Casting
32:58 Chain Barding Armor
34:03 Conscription
34:54 Chemistry
34:05 Masonry
33:35 Heavy Cavalry Archer
34:46 Parthian Tactics
35:54 Elite Skirmisher
39:04 Husbandry
39:15 Bloodlines
38:26 Light Cavalry
39:58 Bracer
40:35 Plate Barding Armor
41:01 Blast Furnace
42:18 Two-Man Saw
40:58 Hussar
47:17 Thumb Ring
50:35 Cavalier
52:20 Hand Cart
51:50 Loom
51:51 Town Watch
55:28 Chemistry
这是我的弟弟约翰
10:36 Feudal Age
15:27 Castle Age
13:34 Horse Collar
14:13 Double-Bit Axe
17:33 Loom
20:33 Stone Mining
20:36 Gold Mining
21:38 Bow Saw
21:29 Heavy Plow
28:23 Wheelbarrow
30:59 Imperial Age
29:06 Squires
29:23 Forging
29:51 Hand Cart
29:39 Town Watch
31:00 Ballistics
30:33 Fletching
31:48 Masonry
32:42 Chemistry
31:54 Masonry
32:47 Crenellations
32:06 Elite Skirmisher
34:01 Two-Man Saw
33:35 Crop Rotation
34:31 Bodkin Arrow
34:42 Elite Teutonic Knight
36:20 Padded Archer Armor
36:57 Iron Casting
36:22 Scale Mail Armor
39:08 Ironclad
46:27 Hoardings
46:39 Siege Engineers
46:21 Arrowslits
51:06 Pikeman
52:38 Conscription
52:37 Careening
52:37 Fortified Wall
55:22 Halberdier
56:54 Bloodlines
Connection lost

Rejoining the realm…

Still unreachable

The connection could not be restored.

Session expired

The server has moved on; the page needs a fresh start.